 Dungeon Crawl Stone Soup version 0.29-a0-222-g5b244fca1f (webtiles) character file.

Game seed: 18341375825509317981

23 Colgate the Sneak (level 2, 18/19 HPs)
             Began as an Octopode Brigand on Feb 27, 2022.
             Quit the game on level 1 of the Dungeon.
             The game lasted 00:03:23 (743 turns).

Colgate the Sneak (Octopode Brigand)                 Turns: 743, Time: 00:03:24

Health: 18/19      AC:  1    Str: 10    XL:     2   Next: 95%
Magic:  2/2        EV: 12    Int: 13    God:
Gold:   60         SH:  0    Dex: 13    Spells: 1/1 levels left

rFire   . . .      SeeInvis .   b - +1 hunting sling (flame)
rCold   . . .      Faith    .   (no shield)
rNeg    . . .      Spirit   .   (helmet restricted)
rPois   .          Reflect  .   (no amulet)
rElec   .          Harm     .   (no ring)
rCorr   .          Rampage  .   (no ring)
Will    .....                   (no ring)
Stlth   ++++......              (no ring)
HPRegen 0.06/turn               (no ring)
MPRegen 0.08/turn               (no ring)
                                (no ring)
                                (no ring)

@: no status effects
A: almost no armour, amphibious, 8 rings, camouflage 1, gelatinous body 1,
(nimble swimmer 1), tentacles
a: no special abilities


You were on level 1 of the Dungeon.
You visited 1 branch of the dungeon, and saw 1 of its levels.

You collected 60 gold pieces.

Inventory:

Hand Weapons
 a - a +2 dagger
 b - a +1 hunting sling of flaming (weapon)
Missiles
 c - 2 curare-tipped darts
 f - 8 poisoned darts
Scrolls
 d - a scroll of enchant weapon {unknown}
 e - a scroll of fog {unknown}
 h - a scroll of magic mapping {unknown}
Potions
 g - a potion of flight {unknown}


   Skills:
 - Level 2.0 Fighting
 - Level 2.9 Short Blades
 + Level 1.2(1.8) Slings
 - Level 2.0(2.2) Throwing
 - Level 1.0 Dodging
 - Level 5.3 Stealth


You had one spell level left.
You didn't know any spells.
Your spell library contained the following spells:

 Spells                   Type           Power      Damage    Failure   Level
 Sublimation of Blood     Necr           0%         N/A       43%         2
 Petrify                  Tmut/Erth      0%         N/A       97%         4
 Irradiate                Conj/Tmut      0%         3d14      100%        5


Dungeon Overview and Level Annotations

Branches:
Dungeon (1/15)

Altars:


Innate Abilities, Weirdness & Mutations

You cannot wear most types of armour.
You are amphibious.
You can wear up to eight rings at the same time.
Your skin changes colour to match your surroundings (Stealth+).
Your rubbery body absorbs attacks. (AC +1, EV +1)
((You are camouflaged when in or above water. (Stealth+)))
You have tentacles for arms and can constrict up to eight enemies at once.


Message History

The sling bullet hits the frilled lizard.
The sling bullet burns the frilled lizard.
You kill the frilled lizard!
Your Slings skill increases to level 1!
You see here a frilled lizard corpse.
A ball python comes into view.
The ball python hisses angrily.
You shoot a sling bullet.
The sling bullet closely misses the ball python.
You shoot a sling bullet. The sling bullet hits the ball python.
The sling bullet burns the ball python.
You kill the ball python!
You now have 43 gold pieces (gained 18).
You now have 60 gold pieces (gained 17).
An endoplasm comes into view.
You shoot a sling bullet. The sling bullet hits the endoplasm.
The sling bullet burns the endoplasm.
The endoplasm quivers.
You shoot a sling bullet. The sling bullet hits the endoplasm.
The sling bullet burns the endoplasm.
You kill the endoplasm!
g - a fizzy ruby potion
h - a scroll labelled TAPUEJIYLEO A bat comes into view.
You shoot a sling bullet. The sling bullet hits the bat.
The sling bullet burns the bat.
The bat barely misses you.
Okay, then.
You shoot a sling bullet. The sling bullet barely misses the bat.
The bat closely misses you. The bat barely misses you.
You shoot a sling bullet.
The sling bullet hits the bat but does no damage.
The bat barely misses you. The bat hits you.
You shoot a sling bullet. The sling bullet barely misses the bat.
The bat hits you but does no damage.
You shoot a sling bullet. The sling bullet misses the bat.
The bat barely misses you.
You shoot a sling bullet. The sling bullet hits the bat.
The sling bullet burns the bat.
You kill the bat!

#..# #...### ##.#
##.## #.# #.# #..
#.# ##### #.# ..#
#.# ##.#####.# #.#
#........###### #.#
#..†@......####.##.#
#...#.####.........#
#...#.# #####...#.#
...#...# #......#
#.##...#.# ##...###
# # .##.# ##.## ..
..# #.# ##. ### #.#
#+#


There were no monsters in sight!

Vanquished Creatures
  3 dart slugs (D:1)
  3 endoplasms (D:1)
  3 giant cockroaches (D:1)
  A hobgoblin (D:1)
  2 ball pythons (D:1)
  A bat (D:1)
  2 frilled lizards (D:1)
  A kobold (D:1)
16 creatures vanquished.

Vanquished Creatures (others)
  2 plants (D:1)
2 creatures vanquished.

Grand Total: 18 creatures vanquished

Notes
Turn   | Place    | Note
-------+----------+-------------------------------------------
     0 | D:1      | Colgate the Octopode Brigand began the quest for the Orb.
     0 | D:1      | Reached XP level 1. HP: 14/14 MP: 1/1
   373 | D:1      | Reached XP level 2. HP: 19/19 MP: 2/2
   663 | D:1      | Reached skill level 1 in Slings
   743 | D:1      | Quit the game

Illustrated notes

Levels and vault maps discovered:
D:1:      matt_arrival_spirals, layout_loops_corners, serial_forest,
          infiniplex_forest_clump_curved, infiniplex_forest_diagonal,
          infiniplex_forest_end_1, infiniplex_forest_clump_diagonal,
          infiniplex_forest_corner_1, infiniplex_forest_split,
          infiniplex_forest_straight_4

Skill      XL: |  1  2 |
---------------+-------+-----
Slings         | 1 |  1.2
Fighting       | |  2.0
Short Blades   | |  2.9
Throwing       | |  2.0
Dodging        | |  1.0
Stealth        | |  5.3

Action                   || total
-------------------------++-------
Melee: Dagger            ||    20
       Tentacles         ||     5
       Constrict         ||     3
 Fire: Hunting sling     ||    20
Throw: Dart              ||     2
 Stab: Sleeping          ||     2
Armor: Skin              ||     1
Dodge: Dodged            ||     6

Table legend: (Time is in decaauts)
 A = Elapsed time spent in this place.
 B = Non-inter-level travel time spent in this place.
 C = Inter-level travel time spent in this place.
 D = Time resting spent in this place.
 E = Time spent auto-exploring this place.
 F = Levels seen in this place.
 G = Mean time per level.
                   A        B        C        D        E       F      G
               +--------+--------+--------+--------+--------+-----+--------+
         Total |    748 |    748 |      0 |      0 |    629 |   1 |  748.0 |
       Dungeon |    748 |    748 |      0 |      0 |    629 |   1 |  748.0 |
               +--------+--------+--------+--------+--------+-----+--------+

Top non-repeatable levels by time:
     D:1: 748 daAuts
